 Dungeon Crawl Stone Soup version 0.32-a0-814-g0968bab981 (webtiles) character file.

Game seed: 13408725187958152871

798 gimp the Conjurer (level 7, 0/46 HPs)
             Began as a Barachi Earth Elementalist on Mar 23, 2024.
             Slain by an ogre
             ... wielding a +0 giant spiked club
              (33 damage)
             ... on level 4 of the Dungeon.
             The game lasted 00:08:30 (3838 turns).

gimp the Conjurer (Barachi Earth Elementalist)      Turns: 3838, Time: 00:08:31

Health: 0/46       AC:  3    Str: 10    XL:     7   Next: 90%
Magic:  0/14       EV: 11    Int: 17    God:
Gold:   136        SH:  0    Dex: 12    Spells: 11/15 levels left

rFire   . . .        a - +0 dagger (speed)
rCold   . . .        (no shield)
rNeg    . . .        h - +0 robe
rPois   .            w - +0 hat
rElec   .            (no cloak)
rCorr   .            f - +0 pair of gloves
SInv    +            (no boots)
Will    .....        g - amulet of the acrobat
Stlth   ++           D - ring of see invisible
HPRegen 0.27/turn    (no ring)
MPRegen 0.14/turn

%: acrobat
@: unable to hop, slow
A: amphibious, slowness 1, strong legs 1, +LOS
a: Hop


You were on level 4 of the Dungeon.
You visited 1 branch of the dungeon, and saw 5 of its levels.

You collected 136 gold pieces.

Inventory:

Hand Weapons
 a - a +0 dagger of speed (weapon)
 A - a +3 short sword
Armour
 f - a +0 pair of gloves (worn)
 h - a +0 robe (worn)
 w - a +0 hat (worn)
Magical Staves
 b - a staff of alchemy
Jewellery
 g - an amulet of the acrobat (around neck)
 m - a ring of fire
 n - a ring of fire
 D - a ring of see invisible (left hand)
Scrolls
 d - 4 scrolls of identify
 e - a scroll of amnesia {unknown}
 i - a scroll of blinking {unknown}
 j - 2 scrolls of revelation {unknown}
 l - a scroll of poison {unknown}
 o - a scroll of enchant armour {unknown}
 p - 2 scrolls of immolation {unknown}
 r - 2 scrolls of vulnerability {unknown}
 y - a scroll of fog
 C - a scroll of teleportation {unknown}
Potions
 k - 2 potions of degeneration {unknown}
 q - a potion of attraction {unknown}
 s - a potion of cancellation {unknown}
 t - 2 potions of lignification {unknown}
 u - 2 potions of ambrosia {unknown}
 v - a potion of brilliance {unknown}
 x - a potion of heal wounds
 z - a potion of might {unknown}
 B - a potion of curing {unknown}


   Skills:
 - Level 2.1 Dodging
 - Level 1.7 Stealth
 + Level 4.7 Spellcasting
 * Level 6.8 Conjurations
 - Level 5.0 Earth Magic


You had 11 spell levels left.
You knew the following spells:

 Your Spells              Type           Power      Damage    Failure   Level
a - Stone Arrow           Conj/Erth      48%        3d10      3%          3
b - Sandblast             Erth           42%        2d11      1%          1

Your spell library contained the following spells:

 Spells                   Type           Power      Damage    Failure   Level
 Passwall                 Erth           21%        N/A       5%          3
 Brom's Barrelling Bould  Conj/Erth      24%        2d5       13%         4
 Jinxbite                 Hex            8%         N/A       22%         2
 Petrify                  Alch/Erth      12%        N/A       45%         4
 Yara's Violent Unravell  Hex/Alch       2%         3d3       99%         5
 Enfeeble                 Hex            2%         N/A       100%        7


Dungeon Overview and Level Annotations

Branches:
Dungeon (5/15)
 Temple: D:4-7

Altars:
Gozag
Okawaru

Shops:
D:3 ==[

Annotations:
D:3 1 runed translucent door, Raydon1206's ghost, amateur DrSh


Innate Abilities, Weirdness & Mutations

You are amphibious.
You cover ground slowly.
You can hop short distances.
You have an extended range of vision and can be seen from far away.


Message History

You now have 10/13 mp.
Casting: Stone Arrow (dangerous; 4% risk of failure)
Confirm with . or Enter, or press ? or * to list all spells.
Aiming: Stone Arrow (dangerous; 4% risk of failure)
Press: ? - help, Shift-Dir - straight line, f/p - adder
Aim: an adder (53% to hit)
The stone arrow hits the adder!!
You kill the adder!
You now have 7/13 mp.
The ogre attacks as it pursues you! The ogre misses you.
Casting: Stone Arrow (dangerous; 4% risk of failure)
Confirm with . or Enter, or press ? or * to list all spells.
Aiming: Stone Arrow (dangerous; 4% risk of failure)
Press: ? - help, Shift-Dir - straight line, f - ogre
Aim: an ogre, wielding a +0 giant spiked club (86% to hit)
The stone arrow misses the ogre.
The stone arrow hits the scorpion!!
You kill the scorpion!
The ogre misses you.
You now have 4/14 mp.
Casting: Stone Arrow (dangerous; 3% risk of failure)
Confirm with . or Enter, or press ? or * to list all spells.
Aiming: Stone Arrow (dangerous; 3% risk of failure)
Press: ? - help, Shift-Dir - straight line, f/p - ogre
Aim: an ogre, wielding a +0 giant spiked club (86% to hit)
The stone arrow misses the ogre.
The stone arrow hits the goblin!!
You kill the goblin!
You now have 1/14 mp.
The ogre attacks as it pursues you! The ogre completely misses you.
The ogre attacks as it pursues you!
The ogre hits you with a +0 giant spiked club!
You take 11 damage, and have 35/46 hp.
MASSIVE DAMAGE!!
Hop to where?
Press: ? - help, Dir - move target, p - ogre Boing!
You aren't carrying any items that you can evoke.
Unknown command.
Casting: Stone Arrow (dangerous; 3% risk of failure)
Confirm with . or Enter, or press ? or * to list all spells.
Aiming: Stone Arrow (dangerous; 3% risk of failure)
Press: ? - help, Shift-Dir - straight line, f - ogre
Aim: an ogre, wielding a +0 giant spiked club (86% to hit)
The stone arrow hits the ogre!
The ogre is moderately wounded.
You now have 0/14 mp.
You aren't carrying any items that you can evoke.
Unknown command.
It was a potion of heal wounds.
You feel much better.
Health restored: 46
Okay, then.
As you read the scroll labelled CAITEDICUO, it crumbles to dust.
It is a scroll of identify.
y - a scroll of fog You aren't carrying any items that you can evoke.
Unknown command.
Throw: throwing net
Press: ? - help, Q - select action, (/) - cycle Shift-Dir - straight line, f/p - ogre
Aim: an ogre, wielding a +0 giant spiked club (moderately wounded, 70% to hit)
You throw a throwing net. The throwing net hits the ogre.
The ogre is caught in the net!
The ogre is moderately wounded.
The ogre struggles against the net.
Your hands tingle!
a - a +0 dagger of speed (weapon)
You hit the ogre but do no damage.
The ogre is moderately wounded.
The ogre struggles against the net.
You hit the ogre.
The ogre is heavily wounded.
You hit the ogre.
The ogre is severely wounded.
The ogre struggles against the net.
You hit the ogre but do no damage.
The ogre is severely wounded.
The ogre struggles against the net.
You hit the ogre but do no damage.
The ogre is severely wounded.
You hit the ogre.
The ogre is severely wounded.
The ogre struggles against the net.
The net rips apart, and the ogre comes free!
You hit the ogre.
The ogre is severely wounded.
The ogre hits you with a +0 giant spiked club!
You take 14 damage, and have 32/46 hp.
MASSIVE DAMAGE!!
Aiming: Sandblast (safe; 1% risk of failure)
Press: ? - help, Q - select action, (/) - cycle Shift-Dir - straight line, f/p - ogre
Aim: an ogre, wielding a +0 giant spiked club (severely wounded, 92% to hit)
The blast of sand hits the ogre.
The ogre is severely wounded.
The ogre misses you.
You now have 0/14 mp.
You hit the ogre.
The ogre is almost dead.
You barely miss the ogre.
The ogre is almost dead.
You hit the ogre.
The ogre is almost dead.
The ogre hits you with a +0 giant spiked club!!
Ouch! That really hurt!
You die...

## #.#.##
###..### #.#.#
##....####
#.#.###..##....#
#.#.....######.#
.......#.# #.#
##>......# #.#
#.####### #.# #
#.##########†#
#...>....gO@.#
#.############
#.# #g# #.# #)#
#........#
#........#
#........#


You could see an ogre and a goblin.

Vanquished Creatures
  Grinder (D:3)
  A sky beast (D:3)
  An ogre (D:4)
  2 scorpions (D:4)
  An orc priest (D:3)
  2 bombardier beetles
  Jessica (D:3)
  A sleepcap (D:4)
  A gnoll (D:1)
  7 adders
  4 dart slugs
  6 orcs
  6 ball pythons
  5 bats
  5 endoplasms
  4 giant cockroaches
  4 goblins
  7 hobgoblins
  2 quokkas (D:3)
  6 frilled lizards
  15 kobolds
  4 rats
86 creatures vanquished.

Notes
Turn   | Place    | Note
-------+----------+-------------------------------------------
     0 | D:1      | gimp the Barachi Earth Elementalist began the quest for the
                  | Orb.
     0 | D:1      | Reached XP level 1. HP: 13/13 MP: 3/3
    94 | D:1      | Reached skill level 2 in Conjurations
    94 | D:1      | Reached XP level 2. HP: 19/19 MP: 0/5
   380 | D:1      | Reached XP level 3. HP: 24/24 MP: 2/6
   535 | D:1      | Found a faded altar of an unknown god.
   880 | D:2      | Reached skill level 3 in Conjurations
   880 | D:2      | Reached XP level 4. HP: 30/30 MP: 5/8
   913 | D:2      | Found an iron altar of Okawaru.
  1314 | D:2      | Learned a level 3 spell: Stone Arrow
  1631 | D:3      | Found Ytir's Jewellery Shoppe.
  1684 | D:3      | Noticed a sky beast
  1767 | D:3      | You fall into a shaft and drop 2 floors!
  1767 | D:5      | Entered Level 5 of the Dungeon
  1773 | D:5      | Noticed a phantom
  1782 | D:4      | Reached XP level 5. HP: 23/35 MP: 3/9
  1917 | D:4      | Noticed an ogre
  1931 | D:4      | Killed an ogre
  1932 | D:4      | Reached skill level 4 in Conjurations
  2044 | D:4      | Reached XP level 6. HP: 41/41 MP: 1/11
  2123 | D:3      | Found Goongur's Jewellery Emporium.
  2127 | D:3      | Found a runed translucent door.
  2132 | D:3      | Noticed Jessica
  2134 | D:3      | Killed Jessica
  2305 | D:3      | Killed a sky beast
  2306 | D:3      | Reached skill level 5 in Conjurations
  2491 | D:3      | Noticed Raydon1206's ghost (amateur DrSh)
  2531 | D:3      | Found Ideppeg's Antique Armour Shoppe.
  2532 | D:3      | Found an opulent altar of Gozag.
  2697 | D:3      | Noticed Grinder
  2714 | D:3      | Paralysed by Grinder for 3 turns
  2804 | D:3      | Paralysed by Grinder for 2 turns
  2806 | D:3      | Killed Grinder
  2807 | D:3      | Reached skill level 6 in Conjurations
  2807 | D:3      | Reached XP level 7. HP: 5/46 MP: 8/13
  3651 | D:4      | Reached skill level 5 in Earth Magic
  3838 | D:4      | Slain by an ogre

Illustrated notes

Levels and vault maps discovered:
D:1:      eino_arrival_cavern_e, layout_rooms, basic_ecumenical_altar
D:2:      layout_basic, basic_altar, chequers_decorated_corner,
          minmay_joined_circles
D:3:      layout_loops_cross, mainiacjoe_overflow_concentric_impassable,
          serial_shops, shop, shop, nicolae_shop_behind_doors,
          ebering_ghost_reflecting_pool, uniq_grinder, uniq_jessica
D:4:      layout_basic, lemuel_crystal_altar, xom_confusion_cloud,
          old_standard_altar, gammafunk_ghost_split
D:5:      layout_loops_ring, minmay_manual_mullet, uniq_ijyb

Skill      XL: |  1  2  3  4  5  6  7 |
---------------+----------------------+-----
Conjurations   | 2 3 4 6 |  6.8
Spellcasting   | 3 4 |  4.7
Earth Magic    | 4 5 |  5.0
Dodging        | |  2.1
Stealth        | |  1.7

Action                     |  1- 3 |  4- 6 |  7- 9 || total
---------------------------+-------+-------+-------++-------
  Melee: Unarmed           |    11 |       |       ||    11
         Dagger            |    12 |       |    10 ||    22
         Staff             |       |     6 |       ||     6
  Throw: Throwing net      |       |     2 |     1 ||     3
   Cast: Sandblast         |    40 |    56 |     2 ||    98
         Stone Arrow       |       |    26 |    20 ||    46
Ability: Hop               |       |     3 |     1 ||     4
    Use: Potion            |       |     2 |     1 ||     3
         Scroll            |       |       |     1 ||     1
 Armour: Robe              |    14 |    21 |     4 ||    39
  Dodge: Dodged            |    27 |    44 |     7 ||    78

Table legend: (Time is in decaauts)
 A = Elapsed time spent in this place.
 B = Non-inter-level travel time spent in this place.
 C = Inter-level travel time spent in this place.
 D = Time resting spent in this place.
 E = Time spent auto-exploring this place.
 F = Levels seen in this place.
 G = Mean time per level.
                   A        B        C        D        E       F      G
               +--------+--------+--------+--------+--------+-----+--------+
         Total |   4232 |   4118 |    114 |     71 |   3373 |   5 |  846.4 |
       Dungeon |   4232 |   4118 |    114 |     71 |   3373 |   5 |  846.4 |
               +--------+--------+--------+--------+--------+-----+--------+

Top non-repeatable levels by time:
     D:3: 1591 daAuts
     D:2: 1034 daAuts
     D:1: 911 daAuts
     D:4: 683 daAuts
     D:5: 13 daAuts
